 Dungeon Crawl Stone Soup version 0.28.0-43-g3370ac3207 (webtiles) character file.

Game seed: 13215875858446358021

76 Gabide the Grave Robber (level 4, 0/32 HPs)
             Began as a Mummy Necromancer on Mar 20, 2022.
             Killed from afar by Sigmund (5 damage)
             ... with a puff of flame
             ... on level 2 of the Dungeon.
             The game lasted 00:04:18 (1974 turns).

Gabide the Grave Robber (Mummy Necromancer)         Turns: 1974, Time: 00:04:20

Health: 0/32       AC:  3    Str: 11    XL:     4   Next: 12%
Magic:  0/9        EV: 12    Int: 16    God:
Gold:   51         SH:  0    Dex: 12    Spells: 5/9 levels left

rFire   . . .      SeeInvis .   (no weapon)
rCold   + . .      Faith    .   (no shield)
rNeg    + + +      Spirit   .   a - +0 robe
rPois   ∞          Reflect  .   (no helmet)
rElec   .          Harm     .   e - +0 cloak
rCorr   .          Rampage  .   (no gloves)
Will    .....                   (no boots)
Stlth   ++........              d - amulet of regeneration
HPRegen 0.90/turn               f - ring of protection from fire
MPRegen 0.11/turn               (no ring)

@: no status effects
A: cold resistance 1, negative energy resistance 3, torment resistance 2, heat
vulnerability 1, no potions
a: no special abilities


You were on level 2 of the Dungeon.
You visited 1 branch of the dungeon, and saw 2 of its levels.

You collected 51 gold pieces.

Inventory:

Armour
 a - a +0 robe (worn)
 e - a +0 cloak (worn)
Jewellery
 d - an amulet of regeneration (around neck)
 f - a ring of protection from fire (left hand)
Scrolls
 b - a scroll of enchant weapon {unknown}
 c - a scroll of teleportation


   Skills:
 * Level 1.4 Fighting
 * Level 1.9 Dodging
 + Level 1.5 Stealth
 * Level 3.4 Spellcasting
 * Level 4.8 Necromancy


You had 5 spell levels left.
You knew the following spells:

 Your Spells              Type           Power      Damage    Failure   Level
a - Pain                  Necr           72%        1d7       2%          1
b - Vampiric Draining     Necr           18%        2d7       8%          3

Your spell library contained the following spells:

 Spells                   Type           Power      Damage    Failure   Level
 Animate Skeleton         Necr           36%        N/A       2%          1
 Animate Dead             Necr           9%         N/A       24%         4
 Agony                    Necr           18%        N/A       56%         5


Dungeon Overview and Level Annotations

Branches:
Dungeon (2/15)

Altars:

Annotations:
D:2 Sigmund


Innate Abilities, Weirdness & Mutations

You are immune to poison.
Your flesh is cold resistant. (rC+)
You are immune to negative energy. (rN+++)
You are immune to unholy pain and torment.
You are vulnerable to heat. (rF-)
You do not drink.


Message History

You are very lightly contaminated with residual magic.
Nothing appears to happen.
Sigmund gestures at you while chanting. The puff of flame hits you!
Sigmund barely misses you. Sigmund hits you with a +0 scythe!
Casting: Pain (safe; 2% risk of failure)
Confirm with . or Enter, or press ? or * to list all spells.
The spell is quite dangerous to miscast (8% risk of failure)!
Continue anyway?
Aiming: Vampiric Draining (quite dangerous; 8% risk of failure)
Press: ? - help, Shift-Dir - straight line, f/p - Sigmund
Aim: Sigmund, wielding a +0 scythe and wearing a +0 robe You draw life force from Sigmund.
You feel life coursing into your body.
You can't go up here!
Casting: Vampiric Draining (quite dangerous; 8% risk of failure)
Confirm with . or Enter, or press ? or * to list all spells.
The spell is quite dangerous to miscast (8% risk of failure)!
Continue anyway?
Aiming: Vampiric Draining (quite dangerous; 8% risk of failure)
Press: ? - help, Shift-Dir - straight line, f/p - Sigmund
Aim: Sigmund, wielding a +0 scythe and wearing a +0 robe (lightly wounded)
You draw life force from Sigmund.
You feel life coursing into your body.
Sigmund mumbles some strange words.
Sigmund flickers and vanishes!
Deactivating autopickup; reactivate with Ctrl-A.
Aiming: Pain (safe; 2% risk of failure)
Press: ? - help, Q - select action Shift-Dir - straight line Something writhes in agony.
Something hits you!
You hit something but do no damage. Something barely misses you.
Your magical contamination has completely faded away.
You closely miss something. You closely miss something. Something hits you!
* * * LOW HITPOINT WARNING * * *
Aiming: Pain (safe; 2% risk of failure)
Press: ? - help, Q - select action Shift-Dir - straight line Something writhes in agony.
You hear some strange, mumbled words.
A puff of flame appears from out of thin air!
The puff of flame hits you.
You die...

..................#...........
#............##...#...........
#..........####...#..........#
.###.......#######...........#
####'####...# #..........##
..######.####...###............
.......†.#.....................
.........#.##.............##...
.........# #.@...........##...
.............{.............#...
##..............#+#####....#.##
#.............## #........
#............... ###......
#....###+#...... +...... ....
#.....( ####...... ### #.......
.......... .......>..


There were no monsters in sight!

Vanquished Creatures
  4 gnolls
  A dart slug (D:2)
  A ball python (D:2)
  4 endoplasms (D:1)
  8 goblins (D:1)
  3 hobgoblins
  6 kobolds
  5 bats
  3 frilled lizards (D:1)
  A rat (D:1)
36 creatures vanquished.

Vanquished Creatures (others)
  2 fungi (D:1)
  2 plants (D:1)
4 creatures vanquished.

Grand Total: 40 creatures vanquished

Notes
Turn   | Place    | Note
-------+----------+-------------------------------------------
     0 | D:1      | Gabide the Mummy Necromancer began the quest for the Orb.
     0 | D:1      | Reached XP level 1. HP: 13/13 MP: 4/4
   411 | D:1      | Found a faded altar of an unknown god.
   476 | D:1      | Reached XP level 2. HP: 20/20 MP: 1/5
   763 | D:1      | Reached skill level 1 in Fighting
  1329 | D:2      | Reached XP level 3. HP: 26/26 MP: 4/7
  1465 | D:2      | Noticed Sigmund
  1477 | D:2      | Learned a level 3 spell: Vampiric Draining
  1877 | D:2      | Reached XP level 4. HP: 32/32 MP: 1/9
  1974 | D:2      | Killed from afar by Sigmund

Illustrated notes

Levels and vault maps discovered:
D:1:      lightli_arrival_quake, layout_rooms, dreamdust_ecumenical_altar_grove
D:2:      layout_basic, minmay_heptomino_o4, uniq_sigmund

Skill      XL: |  1  2 |
---------------+-------+-----
Spellcasting   | 3 |  3.4
Fighting       | 1 |  1.4
Dodging        | |  1.9
Stealth        | |  1.5
Necromancy     | |  4.8

Action                   |  1- 3 |  4- 6 || total
-------------------------+-------+-------++-------
Melee: Unarmed           |    31 |     3 ||    34
 Cast: Pain              |    80 |     3 ||    83
       Vampiric Draining |       |     2 ||     2
  Use: Scroll            |     1 |       ||     1
Armor: Robe              |     3 |       ||     3
Dodge: Dodged            |    28 |     2 ||    30
